AoeStats
← santi12341234pi

Arabia

510138702Analyzed
1v1 RM · 3d ago on Sep 29, 2026· 22m 57s· 2 players
Game mode
Random Map
Map size
Tiny (2 player)
Population
200
Speed
Normal
Resources
Standard
Victory
Conquest
Starting age
Dark Age
Ending age
Imperial Age
RankedLock teamsTeams togetherTeam positionsShared explorationLock speedFull tech treeHidden civsTurbo modeCheats
Victory
Defeat
🇲🇽 Hindustanis · Mexico
987
+15
🇨🇷 Sicilians · Costa Rica
955
-44
santi12341234pi
7:47 Loom
19:01 Feudal Age
luiseng6
0:26 Loom
10:03 Feudal Age
10:07 Man-at-Arms
10:54 Double-Bit Axe
13:31 Arson
19:32 Wheelbarrow
19:24 Padded Archer Armor
19:58 Gold Mining
24:05 Castle Age
23:14 Fletching
23:20 Stone Mining
23:14 Horse Collar
Connection lost

Rejoining the realm…

Still unreachable

The connection could not be restored.

Session expired

The server has moved on; the page needs a fresh start.